 Dungeon Crawl Stone Soup version 0.29.0-4-gdea44cf6ec (webtiles) character file.

Game seed: 3316247345263369962

2 qw the Sneak (level 1, 0/14 HPs)
             Began as a Gargoyle Delver on Sept 10, 2022.
             Slain by Pikel
             ... wielding a +1 whip of freezing
              (10 damage)
             ... on level 5 of the Dungeon.
             The game lasted 00:00:00 (16 turns).

qw the Sneak (Gargoyle Delver)                        Turns: 16, Time: 00:00:01

Health: 0/14       AC:  5    Str: 15    XL:     1   Next: 30%
Magic:  1/1        EV: 11    Int: 10    God:
Gold:   7          SH:  0    Dex: 11    Spells: 0/0 levels left

rFire   . . .      SeeInvis .   a - +0 hand axe
rCold   . . .      Faith    .   (no shield)
rNeg    + . .      Spirit   .   b - +0 leather armour
rPois   inf        Reflect  .   (no helmet)
rElec   +          Harm     .   (no cloak)
rCorr   .          Rampage  .   (no gloves)
Will    .....                   (no boots)
Stlth   +++.......              (no amulet)
HPRegen 0.04/turn               (no ring)
MPRegen 0.07/turn               (no ring)

@: no status effects
A: sickness immunity, AC +2, negative energy resistance 1, electricity
resistance, torment resistance 1, petrification resistance
a: no special abilities


You were on level 5 of the Dungeon.
You visited 1 branch of the dungeon, and saw 1 of its levels.

You collected 7 gold pieces.


Innate Abilities, Weirdness & Mutations

You are immune to sickness and miasma.
Your stone body is resilient. (AC +2)
You are immune to poison.
You resist negative energy. (rN+)
You are resistant to electric shocks. (rElec)
You are resistant to unholy torment.
You are immune to petrification.


   Skills:
 - Level 3.2 Fighting
 + Level 2.0 Axes
 - Level 1.5 Dodging
 - Level 5.4 Stealth


You couldn't memorise any spells.
You didn't know any spells.
Your spell library was empty.

Inventory:

Hand Weapons
 a - a +0 hand axe (weapon)
Armour
 b - a +0 leather armour (worn)
Wands
 g - a wand of digging (3)
Scrolls
 c - a scroll of fog
 d - a scroll of magic mapping
 e - a scroll of fear
Potions
 f - a potion of haste

Dungeon Overview and Level Annotations

Branches:
Dungeon (5/15)
 Temple: D:4-7

Altars:

Annotations:
D:5 Pikel


Message History

Press: ? - help, Q - select action Shift-Dir - straight line, f/p - orc You throw a javelin.
The javelin barely misses the orc.
Throw: 2 javelins
Press: ? - help, Q - select action Shift-Dir - straight line, f/p - orc You throw a javelin.
The javelin pierces through the orc.
The orc is heavily wounded.
Pikel, Merchant of Souls comes into view.
He is wielding a +1 whip of freezing.
Throw: javelin
Press: ? - help, Q - select action Shift-Dir - straight line, f/p - orc You throw a javelin.
Pikel shouts!
The javelin pierces through the orc but does no damage.
The orc is heavily wounded.
A lemure comes into view.
The lemure shouts!
You hit the orc.
The orc is severely wounded.
You barely miss the lemure. The lemure hits you. The orc barely misses you.
You hit the orc.
The orc is almost dead.
You hit the lemure but do no damage. You hit the lemure. The lemure hits you.
The orc barely misses you. The lemure barely misses you.
You closely miss the orc.
The orc is almost dead.
You hit the lemure. x2
The lemure hits you but does no damage. The lemure closely misses you.
A lemure comes into view.
The orc barely misses you.
You hit the orc.
You kill the orc!
You hit the lemure but do no damage. You barely miss the lemure.
The lemure closely misses you. The lemure hits you but does no damage.
Your Axes skill increases to level 2!
You miss the lemure.
The lemure is lightly wounded.
You closely miss the lemure. You hit Pikel but do no damage.
Pikel hits you with a +1 whip of freezing!
Ouch! That really hurt!
You die...

#....#
#....#
+....#
#....#
#>...#
#....#
+....#
#....#
#...@#
#..55K......
#...5.......
#...........
#.........#+
#........(#
+...5.....#
#........((


You could see Pikel and 4 lemures.

Vanquished Creatures
  An orc (D:5)
1 creature vanquished.

Notes
Turn   | Place    | Note
-------+----------+-------------------------------------------
     0 | D:5      | qw the Gargoyle Delver began the quest for the Orb.
     0 | D:5      | Reached XP level 1. HP: 14/14 MP: 1/1
     0 | D:5      | 0 ||| qw: Version: 0.1-a-116-g5d60599
     0 | D:5      | 0 ||| qw: Game counter: 8008
     0 | D:5      | 0 ||| qw: Always use a shield: true
     0 | D:5      | 0 ||| qw: God list: Okawaru
     0 | D:5      | 0 ||| qw: Allow faded altars: false
     0 | D:5      | 0 ||| qw: Do Orc after D:15 true
     0 | D:5      | 0 ||| qw: Do second Lair branch before Depths: true
     0 | D:5      | 0 ||| qw: Lair rune preference: random
     0 | D:5      | 0 ||| qw: Plans: Normal
     0 | D:5      | 0 ||| PLANNING D:1-11
     7 | D:5      | Noticed a lemure
     8 | D:5      | Noticed a lemure
    10 | D:5      | Noticed Pikel
    11 | D:5      | Noticed a lemure
    14 | D:5      | Noticed a lemure
    16 | D:5      | Slain by Pikel

Levels and vault maps discovered:
D:5:      layout_gridville, mainiacjoe_overflow_concentric_impassable,
          uniq_pikel

Skill      XL: |  1 |
---------------+----+-----
Axes           | 2 |  2.0
Fighting       | |  3.2
Dodging        | |  1.5
Stealth        | |  5.4

Action                   || total
-------------------------++-------
Melee: Hand axe          ||     5
Throw: Javelin           ||     4
Armor: Leather armour    ||     2
Dodge: Dodged            ||     6

Table legend:
 A = Non-vault XP
 B = Vault XP
 C = Vault XP percentage of total XP
 D = Non-vault monster count
 E = Vault monster count
 F = Vault count percentage of total count
                 A         B        C        D         E       F
            +---------+---------+-------+---------+---------+-------
      Total |       3 |       0 |   0.0 |       1 |       0 |   0.0
            +---------+---------+-------+---------+---------+-------
        D:5 |       3 |       0 |   0.0 |       1 |       0 |   0.0
            +---------+---------+-------+---------+---------+-------
